 Dungeon Crawl Stone Soup version 0.20.1-1-g8b1a95d (webtiles) character file.

264 vatarom the Insei (level 5, -2/41 HPs)
             Began as a Demonspawn Transmuter on Sept 21, 2017.
             Was an Initiate of Cheibriados.
             Slain by a slave (5 damage)
             ... led by Pikel
             ... on level 3 of the Dungeon.
             The game lasted 00:08:49 (4334 turns).

vatarom the Insei (Demonspawn Transmuter)           Turns: 4334, Time: 00:08:50

Health: -2/41      AC:  6    Str: 14    XL:     5   Next: 98%
Magic:  2/8        EV: 13    Int: 15    God:    Cheibriados [......]
Gold:   107        SH:  0    Dex: 16    Spells: 2/8 levels left

rFire    x . .     SeeInvis .     - Unarmed
rCold    + . .     Gourm    .   (no shield)
rNeg     . . .     Faith    .   b - +1 robe
rPois    .         Spirit   .   (no helmet)
rElec    .         Reflect  .   (no cloak)
rCorr    .         Harm     .   g - +0 pair of gloves
MR       .....                  (boots currently unavailable)
Stlth    +.........             (no amulet)
Regen    0.2/turn               i - ring of ice
MPRegen  0.2/turn               e - +3 ring of strength

@: appendage, very slightly contaminated, very slow
A: claws 1, talons 3, slimy green scales 1, powered by pain 1
a: End Transformation, Bend Time, Renounce Religion


You were on level 3 of the Dungeon.
You worshipped Cheibriados.
Cheibriados was noncommittal.
You were not hungry.
You had grown temporary talons.
You visited 2 branches of the dungeon, and saw 6 of its levels.

You collected 107 gold pieces.

Inventory:

Missiles
 a - 26 arrows
Armour
 b - a +1 robe (worn)
 g - a +0 pair of gloves (worn)
Jewellery
 e - a +3 ring of strength (right hand)
 i - a ring of ice (left hand)
Scrolls
 d - a scroll of remove curse
 j - 4 scrolls of identify
Potions
 h - a potion of curing
Books
 c - a book of Changes

   Spells                             Type                      Level
   a - Beastly Appendage              Transmutation                1
   b - Sticks to Snakes               Transmutation                2
   c - Spider Form                    Transmutation/Poison         3
   d - Ice Form                       Ice/Transmutation            4
   e - Blade Hands                    Transmutation                5
Comestibles
 f - a chunk of flesh
 k - 2 meat rations


   Skills:
 + Level 3.1 Fighting
 + Level 3.1 Dodging
 * Level 4.7 Unarmed Combat
 - Level 2.0 Spellcasting
 - Level 1.7 Transmutations


You had 2 spell levels left.
You knew the following spells:

 Your Spells              Type           Power        Failure   Level  Hunger
a - Beastly Appendage     Tmut           #.....       11%         1    #......
b - Sticks to Snakes      Tmut           #.......     16%         2    ###....
c - Spider Form           Tmut/Pois      #.........   43%         3    ###....


Dungeon Overview and Level Annotations

Branches:
Dungeon (5/15)             Temple (1/1) D:4

Altars:
Ashenzari
Cheibriados
Dithmenos
Elyvilon
Fedhas
Gozag
Hepliaklqana
Kikubaaqudgha
Makhleb
Nemelex Xobeh
Okawaru
Qazlal
Ru
Sif Muna
Trog
Uskayaw
Vehumet
Xom
Yredelemnul
Zin
The Shining One

Annotations:
D:3 Exporg's ghost, amateur OgBe
D:4 Eustachio; Pikel


Innate Abilities, Weirdness & Mutations

You have sharp fingernails.
You are partially covered in slimy green scales. (AC +2)
You sometimes gain a little power by taking damage.
You have claws for feet.


Message History

The slave is moderately wounded.
The slave barely misses you.
You hit the slave. Your punch misses the slave.
The slave is heavily wounded.
The slave closely misses you.
You hit the slave.
The slave is heavily wounded.
The slave hits you.
* * * LOW HITPOINT WARNING * * *
Casting: Spider Form
Confirm with . or Enter, or press ? or * to list all spells.
Your feet morph into talons.
The slave hits you but does no damage.
You closely miss the slave. You claw the slave.
The slave is severely wounded.
The slave hits you.
* * * LOW HITPOINT WARNING * * *
You hit the slave but do no damage. Your kick misses the slave.
The slave is severely wounded.
The slave hits you.
You die...

#.###.#...####.........###.
#.........# ##.......## #.
#####†##### ##.....## ##
#.# ##...## #.# ##'##
###.### #.# #.....# ### #.#
#.....#####.####.##
#......p@....##...###
#.....####...<......#
#.....# #...##...#>#####
####### #######.##......
##########


You could see a slave.

Vanquished Creatures
  An ogre (D:3)
  A scorpion (D:4)
  4 adders
  4 worms
  3 dart slugs
  2 leopard geckos
  2 bat zombies (D:1)
  5 giant cockroaches
  7 goblins
  6 hobgoblins
  5 jackals (D:3)
  3 quokkas
  10 bats
  6 frilled lizards
  9 kobolds
  8 rats
76 creatures vanquished.

Vanquished Creatures (collateral kills)
  An adder (D:1)
1 creature vanquished.

Grand Total: 77 creatures vanquished

Notes
Turn   | Place    | Note
-------+----------+-------------------------------------------
     0 | D:1      | vatarom the Demonspawn Transmuter began the quest for the Orb.
     0 | D:1      | Reached XP level 1. HP: 15/15 MP: 3/3
   300 | D:1      | Gained mutation: You have sharp fingernails. [demonic ancestry]
   300 | D:1      | Reached XP level 2. HP: 20/21 MP: 3/5
   326 | D:1      | Reached skill level 3 in Unarmed Combat
   448 | D:1      | Learned a level 2 spell: Sticks to Snakes
   910 | D:1      | Gained mutation: You sometimes gain a little power by taking damage. [demonic ancestry]
   910 | D:1      | Reached XP level 3. HP: 21/27 MP: 6/6
  1516 | D:2      | Learned a level 3 spell: Spider Form
  1763 | D:2      | Reached XP level 4. HP: 18/33 MP: 3/7
  2876 | D:3      | Noticed Exporg's ghost (amateur OgBe)
  3290 | D:3      | Noticed an ogre
  3304 | D:3      | Killed an ogre
  3304 | D:3      | Reached skill level 4 in Unarmed Combat
  3304 | D:3      | Gained mutation: You are partially covered in slimy green scales. (AC +2) [demonic ancestry]
  3304 | D:3      | Reached XP level 5. HP: 39/40 MP: 5/8
  3903 | D:3      | You fall through a shaft for 2 floors!
  3903 | D:5      | Entered Level 5 of the Dungeon
  3911 | D:5      | Got a steaming whip
  3915 | D:4      | Found a staircase to the Ecumenical Temple.
  3916 | D:4      | Identified the +2 whip of Destiny {pain, rElec} (You found it on level 5 of the Dungeon)
  3935 | Temple   | Entered the Ecumenical Temple
  4023 | Temple   | Became a worshipper of Cheibriados the Contemplative
  4275 | D:4      | Noticed Pikel
  4275 | D:4      | Noticed a slave
  4275 | D:4      | Noticed a slave
  4275 | D:4      | Noticed a slave
  4276 | D:4      | Noticed Eustachio
  4277 | D:4      | Noticed a slave
  4321 | D:3      | HP: 2/41 [slave[Pikel] (8)]
  4334 | D:3      | Slain by a slave

Skill      XL: |  1  2  3  4  5 |
---------------+----------------+-----
Dodging        | 2 3 |  3.1
Unarmed Combat | 3 4 |  4.7
Fighting       | 2 3 |  3.1
Spellcasting   | |  2.0
Transmutations | |  1.7

Action                   |  1- 3 |  4- 6 || total
-------------------------+-------+-------++-------
Melee: Unarmed           |   112 |   124 ||   236
       Headbutt          |     7 |     2 ||     9
       Kick              |     3 |     1 ||     4
       Dagger            |    29 |       ||    29
       Punch             |     1 |     3 ||     4
       Whip              |       |    10 ||    10
 Cast: Beastly Appendage |    11 |     2 ||    13
       Sticks to Snakes  |     1 |       ||     1
       Spider Form       |     4 |     7 ||    11
  Use: Scroll            |     7 |       ||     7
       Potion            |     3 |     2 ||     5
 Stab: Sleeping          |     1 |     1 ||     2
       Distracted        |       |     1 ||     1
  Eat: Bread ration      |     1 |     1 ||     2
       Chunk             |       |     5 ||     5
Armor: Robe              |    40 |    18 ||    58
       Skin              |     1 |     4 ||     5
Dodge: Dodged            |   130 |   149 ||   279
